 Dungeon Crawl Stone Soup version 0.26.0-11-g8f856b5395 (webtiles) character file.

Game seed: 2235280032494705758

37 Descartes the Magician (level 3, -2/19 HPs)
             Began as a Deep Elf Hedge Wizard on Jan 15, 2021.
             Slain by a worm (11 damage)
             ... on level 2 of the Dungeon.
             The game lasted 00:02:39 (1583 turns).

Descartes the Magician (Deep Elf Hedge Wizard)      Turns: 1583, Time: 00:02:40

Health: -2/19      AC:  3    Str:  8    XL:     3   Next: 21%
Magic:  4/11       EV: 13    Int: 18    God:
Gold:   33         SH:  0    Dex: 14    Spells: 11/12 levels left

rFire    . . .     SeeInvis .   g - +1 dagger (drain)
rCold    . . .     Faith    .   (no shield)
rNeg     . . .     Spirit   .   b - +0 robe
rPois    .         Reflect  .   c - +0 hat
rElec    .         Harm     .   (no cloak)
rCorr    .         Rampage  .   (no gloves)
Will     .....                  h - +0 pair of boots
Stlth    ++........             (no amulet)
HPRegen  0.06/turn              (no ring)
MPRegen  0.12/turn              (no ring)

@: very slightly contaminated
A: no striking features
a: no special abilities


You were on level 2 of the Dungeon.
You visited 1 branch of the dungeon, and saw 2 of its levels.

You collected 33 gold pieces.

Inventory:

Hand Weapons
 a - a +0 dagger
 g - a +1 dagger of draining (weapon)
Missiles
 e - 45 stones
 u - 23 bolts
Armour
 b - a +0 robe (worn)
 c - a +0 hat (worn)
 h - a +0 pair of boots (worn)
Jewellery
 i - an uncursed amulet of regeneration {unknown}
 m - an uncursed ring of see invisible {unknown}
 o - a cursed ring of attention {unknown}
Scrolls
 d - 2 scrolls of remove curse {unknown}
 f - 2 scrolls of identify {unknown}
 p - a scroll of fear {unknown}
 r - 2 scrolls of teleportation {unknown}
 s - a scroll of immolation {unknown}
 t - a scroll of random uselessness {unknown}
Potions
 j - a potion of berserk rage {unknown}
 k - a potion of flight {unknown}
 l - a potion of invisibility {unknown}
 n - 2 potions of heal wounds {unknown}
 q - a potion of mutation {unknown}


   Skills:
 - Level 2.4 Dodging
 + Level 3.4 Stealth
 - Level 5.0 Spellcasting
 + Level 2.2 Conjurations
 - Level 1.1 Summonings
 - Level 1.1 Translocations


You had 11 spell levels left.
You knew the following spells:

 Your Spells              Type           Power        Failure   Level
a - Magic Dart            Conj           48%          5%          1

Your spell library contained the following spells:

 Spells                   Type           Power        Failure   Level
 Blink                    Tloc           N/A          13%         2
 Call Imp                 Summ           8%           13%         2
 Slow                     Hex            4%           21%         2
 Conjure Flame            Conj/Fire      8%           26%         3
 Mephitic Cloud           Conj/Pois/Air  7%           30%         3


Dungeon Overview and Level Annotations

Branches:
Dungeon (2/15)

Altars:


Message History

The magic dart hits the worm.
The worm is heavily wounded.
Casting: Magic Dart (safe; 5% risk of failure)
Confirm with . or Enter, or press ? or * to list all spells.
Aiming: Magic Dart (safe; 5% risk of failure)
Press: ? - help, Shift-Dir - straight line, f/p - worm
Aim: a worm (heavily wounded, 0% to evade)
The magic dart hits the worm.
The worm is severely wounded.
The worm closely misses you.
Casting: Magic Dart (safe; 5% risk of failure)
Confirm with . or Enter, or press ? or * to list all spells.
Aiming: Magic Dart (safe; 5% risk of failure)
Press: ? - help, Shift-Dir - straight line, f/p - worm
Aim: a worm (severely wounded, 0% to evade)
The magic dart hits the worm.
The worm is severely wounded.
The worm bites you!
Ouch! That really hurt!
You die...

...#.#.####.#...#
##.#<...........#
#.#.#.###.#....##
#.........#.... ##
###.###.#..##.# .#
....#.#..##.#
######.#.#.#...#.###
.......#.#.#.#.....####.
########.#......@w......
#.........#.###..#.####.
.................# ..
.......#<...##...# ##
.#####.#.#####....#
.#.....#.# #....#
.#.#####.#####......
.#....................
....############....##


You could see a worm.

Vanquished Creatures
  2 oozes
  A leopard gecko (D:1)
  4 bats
  5 giant cockroaches
  A goblin (D:1)
  5 hobgoblins
  A jackal (D:2)
  3 frilled lizards (D:2)
  A kobold (D:2)
23 creatures vanquished.

Notes
Turn   | Place    | Note
-------+----------+-------------------------------------------
     0 | D:1      | Descartes the Deep Elf Hedge Wizard began the quest for the
                  | Orb.
     0 | D:1      | Reached XP level 1. HP: 10/10 MP: 7/7
   264 | D:1      | Reached XP level 2. HP: 15/15 MP: 3/9
  1255 | D:2      | Reached skill level 5 in Spellcasting
  1255 | D:2      | Reached XP level 3. HP: 19/19 MP: 3/11
  1583 | D:2      | Slain by a worm

Illustrated notes

Levels and vault maps discovered:
D:1:      onia_arrival_mini_maze_b, layout_loops_ring
D:2:      layout_basic, minmay_diced_spiral, uniq_terence

Skill      XL: |  1  2 |
---------------+-------+-----
Stealth        | 3 |  3.4
Conjurations   | 2 |  2.2
Spellcasting   | 5 |  5.0
Dodging        | |  2.4
Summonings     | |  1.1
Translocations | |  1.1

Action                   || total
-------------------------++-------
 Cast: Magic Dart        ||    74
Armor: Robe              ||     3
Dodge: Dodged            ||    13
